 Dungeon Crawl Stone Soup version 0.27.1-37-g7b29ead8ac (webtiles) character file.

Game seed: 15550531676208433639

48934 cbfl8 the Severer (level 14, -9/127 HPs)
             Began as a Minotaur Fighter on Apr 27, 2023.
             Was an Elder of Yredelemnul.
             Mangled by Sonja (19 damage)
             ... on level 2 of the Lair of Beasts.
             The game lasted 00:29:19 (19560 turns).

cbfl8 the Severer (Minotaur Fighter)               Turns: 19560, Time: 00:29:20

Health: -9/127     AC: 19    Str: 29    XL:     14   Next: 14%
Magic:  14/14      EV:  9    Int:  5    God:    Yredelemnul [****..]
Gold:   931        SH: 12    Dex: 13    Spells: 13/13 levels left

rFire    . . .     SeeInvis .   g - +2 broad axe (flame)
rCold    . . .     Faith    .   J - +0 kite shield
rNeg     . . .     Spirit   .   b - +0 plate armour
rPois    .         Reflect  .   (helmet restricted)
rElec    .         Harm     .   x - +2 cloak {rCorr}
rCorr    +         Rampage  .   (no gloves)
Will     ++...                  (no boots)
Stlth    ..........             n - amulet of regeneration
HPRegen  1.31/turn              O - +6 ring of strength
MPRegen  0.14/turn              k - ring of willpower

@: lethally poisoned (-9 -> -9), slowed, very slow
A: horns 2, retaliatory headbutt
a: Renounce Religion, Recall Undead Slaves, Injury Mirror, Animate Dead, Drain
Life


You were on level 2 of the Lair of Beasts.
You worshipped Yredelemnul.
Yredelemnul was greatly pleased with you.
You visited 3 branches of the dungeon, and saw 18 of its levels.

You collected 931 gold pieces.

Inventory:

Hand Weapons
 g - a +2 broad axe of flaming (weapon)
Missiles
 F - a throwing net
Armour
 b - a +0 plate armour (worn)
 x - a +2 cloak of preservation (worn)
 D - +0 fire dragon scales
 J - a +0 kite shield (worn)
 M - a scarf of resistance
Jewellery
 k - a ring of willpower (right hand)
 m - a ring of fire
 n - an amulet of regeneration (around neck)
 L - a ring of ice
 O - a +6 ring of strength (left hand)
Wands
 f - a wand of iceblast (6)
 h - a wand of mindburst (21) (quivered)
 l - a wand of paralysis (16)
 w - a wand of polymorph (9)
 A - a wand of flame (50)
 E - a wand of acid (6)
 N - a wand of digging (4)
Scrolls
 a - a scroll of amnesia {unknown}
 i - a scroll of acquirement
 q - a scroll of brand weapon
 r - 3 scrolls of enchant armour
 t - 3 scrolls of blinking
 y - a scroll of silence
 B - 2 scrolls of summoning
 C - a scroll of fog
 G - 3 scrolls of fear
 I - a scroll of magic mapping {unknown}
Potions
 c - 2 potions of curing
 d - a potion of resistance {unknown}
 e - 2 potions of magic {unknown}
 j - a potion of mutation {unknown}
 o - a potion of cancellation {unknown}
 p - a potion of berserk rage {unknown}
 s - 2 potions of brilliance {unknown}
 u - 2 potions of haste {unknown}
 v - 2 potions of heal wounds {unknown}
 z - 2 potions of ambrosia
 H - a potion of attraction {unknown}
 K - a potion of lignification {unknown}


   Skills:
 * Level 12.7 Fighting
 * Level 16.6 Axes
 * Level 13.7 Armour
 * Level 4.7 Dodging
 * Level 4.6 Stealth
 + Level 9.4 Shields
 * Level 1.5 Invocations
 * Level 7.7 Evocations


You had 13 spell levels left.
You didn't know any spells.
Your spell library contained the following spells:

 Spells                   Type           Power      Damage    Failure   Level
 Blink                    Tloc           N/A        N/A       100%        2
 Ensorcelled Hibernation  Hex/Ice        0%         N/A       100%        2
 Static Discharge         Conj/Air       0%         N/A       100%        2
 Gell's Gravitas          Tloc           0%         N/A       100%        3
 Lesser Beckoning         Tloc           0%         N/A       100%        3
 Spider Form              Tmut/Pois      0%         N/A       100%        3
 Teleport Other           Tloc           0%         N/A       100%        3
 Dispel Undead            Necr           0%         3d6       100%        4
 Sticky Flame             Conj/Fire      0%         2d3       100%        4
 Manifold Assault         Tloc           0%         N/A       100%        5
 Dispersal                Tloc           0%         N/A       100%        6
 Shadow Creatures         Summ           N/A        N/A       100%        6
 Malign Gateway           Summ/Tloc      0%         N/A       100%        7
 Summon Horrible Things   Summ           0%         N/A       100%        8


Dungeon Overview and Level Annotations

Branches:
Dungeon (15/15)            Temple (1/1) D:6            Lair (2/6) D:8
    Orc (0/2) D:11         Vaults (0/5) D:13         Depths (0/5) D:15
  Swamp: Lair:2-4    Shoals: Lair:2-4     Snake: Lair:2-4    Spider: Lair:2-4

Altars:
Ashenzari
Cheibriados
Dithmenos
Elyvilon
Gozag
Hepliaklqana
Kikubaaqudgha
Makhleb
Nemelex Xobeh
Okawaru
Qazlal
Ru
Sif Muna
Uskayaw
Vehumet
Wu Jian
Yredelemnul
Zin
The Shining One

Shops:
D:1 !   D:5 *

Annotations:
D:4 4 runed translucent doors, Crazy Yiuf; grimtooth's ghost, amateur DgIE; lazarouslive's ghost, amateur MiHu
D:6 2 transporters, grimtooth's ghost, novice PaAK
Lair:2 Sonja


Innate Abilities, Weirdness & Mutations

You have a pair of horns on your head.
You reflexively headbutt those who attack you in melee.


Message History

You feel very sick.
Sonja throws a curare-tipped dart.
The curare-tipped dart closely misses you.
Your bullfrog zombie completely misses Sonja.
Your water moccasin zombie misses Sonja.
You feel very sick.
Sonja hits you with a +0 dagger of distortion.
Space bends around you. You block Sonja's attack.
Sonja hits you with a +0 dagger of distortion.
You blink.
Your bullfrog zombie misses Sonja.
Your water moccasin zombie completely misses Sonja.
Sonja bows elegantly.
Sonja gestures wildly while chanting.
Sonja blinks!
You feel very sick.
Sonja mumbles some strange words.
Sonja blinks!
You feel sick.
Sonja says, "I'm academy-trained, you know."
Sonja throws a curare-tipped dart.
You block the curare-tipped dart.
You feel sick. Sonja hits you but does no damage. Space bends around you.
Sonja hits you but does no damage.
You blink.
Your bullfrog zombie misses Sonja.
Your water moccasin zombie misses Sonja.
You feel sick. You block Sonja's attack. Sonja hits you but does no damage.
Space bends around you. Sonja hits you but does no damage.
Space warps horribly around you!
* * * LOW HITPOINT WARNING * * *
Your bullfrog zombie completely misses Sonja.
Your water moccasin zombie misses Sonja. x2
Sonja hits you with a +0 dagger of distortion.
* * * LOW HITPOINT WARNING * * *
Space warps horribly around you!!
* * * LOW HITPOINT WARNING * * *
You block Sonja's attack.
Sonja hits you with a +0 dagger of distortion.
* * * LOW HITPOINT WARNING * * *
Space warps horribly around you!!
You die...
Your body rises from the dead as a mindless zombie.

........ยง....... ....
.............>.. ....
................ .....
..............## .....
....##.......## .... ...#
#........####... ...
.............#. .#. .#
............#.# ...
.#..............@...## ....
.#...............K...##.....
................ZZZ...#.....
.....#..........<...........
......................$.....
............................
............................
............................
............................


You could see Sonja (ally target), 2 friendly water moccasin zombies and a
friendly bullfrog zombie.

Vanquished Creatures
  A fire giant (D:15)
  A fire dragon (D:14)
  A great orb of eyes (D:14)
  A rakshasa (D:15)
  2 hydras
  6 boulder beetles
  Erica (D:10)
  A death knight (D:13)
  3 centaur warriors
  3 two-headed ogres
  A tengu warrior (D:14)
  Nergalle (D:12)
  A skeletal warrior (D:13)
  Pikel (D:7)
  2 orc knights (D:15)
  2 wizards
  An orb spider (shapeshifter) (D:14)
  2 deep elf pyromancers (D:15)
  A wolf spider (D:13)
  19 ugly things
  2 cyclopes (D:12)
  2 manticores
  Maurice (D:8)
  A black mamba (Lair:2)
  2 cane toads (Lair:1)
  A gargoyle (D:12)
  Maggie (D:7)
  An unseen horror (D:12)
  Psyche (D:8)
  A komodo dragon (D:8)
  2 yaktaurs (D:14)
  4 efreet
  A kobold demonologist (D:10)
  4 trolls
  Grinder (D:5)
  A polar bear (shapeshifter) (D:13)
  Prince Ribbit (D:8)
  9 slime creatures
  A tarantella (shapeshifter) (D:13)
  Sigmund (D:2)
  A shadow (D:11)
  15 yaks
  A wyvern (D:8)
  A vampire (D:12)
  4 basilisks
  3 wraiths
  A steam dragon (D:8)
  2 vampire mosquitoes (D:14)
  An acid dragon (D:10)
  6 water moccasins
  Duvessa (D:7)
  7 orc warriors
  An ice beast (D:7)
  2 necrophages
  7 ogres
  4 boggarts
  2 phantoms
  7 centaurs
  8 kobold brigands
  6 bullfrogs
  A lemure (D:6)
  Blork the orc (D:5)
  2 gnoll sergeants (D:13)
  A scorpion (D:4)
  A wyvern zombie (D:9)
  Dowan (D:7)
  3 howler monkeys
  4 wights (D:9)
  A bullfrog zombie (D:5)
  7 centaur zombies
  4 hounds (D:6)
  2 centaur skeletons
  6 orc priests
  A gnoll shaman (D:5)
  An iguana (D:6)
  Terence (D:2)
  9 orc wizards
  2 killer bee zombies (D:4)
  A howler monkey zombie (D:9)
  4 adders
  17 gnolls
  An ufetubus (D:7)
  An adder skeleton (D:3)
  2 worms
  A dart slug (D:2)
  24 orcs
  11 endoplasms
  4 giant cockroaches
  8 goblins
  5 hobgoblins
  3 quokkas
  7 ball pythons
  8 bats
  3 frilled lizards
  8 kobolds
  6 rats
331 creatures vanquished.

Vanquished Creatures (collateral kills)
  A hydra (D:14)
  5 ugly things
  A yaktaur (D:14)
  A komodo dragon (Lair:2)
  A wraith (D:13)
  A vampire (D:13)
  A basilisk (D:13)
  An orc warrior (D:15)
  A centaur (D:13)
  A killer bee (shapeshifter) (D:14)
14 creatures vanquished.

Vanquished Creatures (others)
  4 flying skulls (D:15)
  A human (D:9)
  A boggart (D:14)
  2 wights
  A centaur zombie (D:15)
  3 ugly thing zombies (D:15)
  2 boulder beetle zombies (D:14)
  A fire dragon zombie (D:14)
  A tengu zombie (D:14)
  A black mamba zombie (Lair:2)
  A human zombie (D:13)
  A manticore zombie (D:14)
  A two-headed ogre zombie (D:13)
  A water moccasin zombie (Lair:1)
  4 gnoll zombies (D:13)
  An orc skeleton (D:15)
  2 yaktaur zombies (D:14)
  3 plants (D:8)
  6 withered plants (D:4)
37 creatures vanquished.

Grand Total: 382 creatures vanquished

Notes
Turn   | Place    | Note
-------+----------+-------------------------------------------
     0 | D:1      | cbfl8 the Minotaur Fighter began the quest for the Orb.
     0 | D:1      | Reached XP level 1. HP: 19/19 MP: 0/0
   160 | D:1      | Found Zaomed's Distillery.
   473 | D:1      | Reached XP level 2. HP: 27/27 MP: 1/1
   841 | D:2      | Noticed Sigmund
   844 | D:2      | Reached skill level 3 in Axes
   853 | D:2      | Killed Sigmund
   854 | D:2      | Reached skill level 4 in Axes
   854 | D:2      | Reached skill level 1 in Evocations
   854 | D:2      | Reached XP level 3. HP: 18/34 MP: 2/2
   854 | D:2      | Reached XP level 4. HP: 22/41 MP: 3/3
   854 | D:2      | Reached XP level 5. HP: 25/47 MP: 4/4
  1217 | D:2      | Found an ornate altar of the Wu Jian Council.
  1822 | D:2      | Noticed Terence
  1835 | D:2      | Killed Terence
  2237 | D:3      | Found a faded altar of an unknown god.
  2309 | D:3      | Reached skill level 5 in Armour
  2451 | D:3      | Reached skill level 5 in Axes
  2718 | D:3      | Reached XP level 6. HP: 52/53 MP: 5/5
  2824 | D:4      | Found a burning altar of Makhleb.
  2852 | D:4      | Found a runed translucent gate.
  2853 | D:4      | Found a runed translucent gate.
  2853 | D:4      | Found a runed translucent gate.
  2854 | D:4      | Noticed grimtooth's ghost (amateur DgIE)
  2854 | D:4      | Noticed lazarouslive's ghost (amateur MiHu)
  2941 | D:4      | Found an ornate altar of the Wu Jian Council.
  3137 | D:4      | Found a runed translucent door.
  3138 | D:4      | Noticed Crazy Yiuf
  3446 | D:5      | Entered Level 5 of the Dungeon
  3484 | D:5      | Reached skill level 6 in Axes
  3560 | D:5      | Reached XP level 7. HP: 60/60 MP: 6/6
  3569 | D:5      | Noticed Grinder
  3579 | D:5      | Paralysed by Grinder for 2 turns
  3585 | D:5      | Found Ric Cuxo's Overcharged Wands.
  3590 | D:5      | Killed Grinder
  3591 | D:5      | Reached skill level 5 in Fighting
  3591 | D:5      | Reached skill level 7 in Axes
  3760 | D:4      | HP: 1/61 [orc warrior (7)]
  4146 | D:5      | Reached XP level 8. HP: 68/69 MP: 7/7
  4181 | D:5      | Noticed Blork the orc
  4190 | D:5      | Killed Blork the orc
  4404 | D:5      | Identified a scroll of acquirement
  4525 | D:6      | Reached skill level 8 in Axes
  4663 | D:6      | Found a staircase to the Ecumenical Temple.
  4663 | D:6      | Found a transporter.
  4673 | Temple   | Entered the Ecumenical Temple
  4763 | Temple   | Became a worshipper of Yredelemnul the Dark
  4824 | D:6      | Reached skill level 5 in Shields
  5005 | D:6      | Found a shadowy altar of Dithmenos.
  5245 | D:6      | Reached skill level 9 in Axes
  5390 | D:6      | Found a transporter.
  5390 | D:6      | Noticed grimtooth's ghost (novice PaAK)
  5456 | D:6      | Reached XP level 9. HP: 74/77 MP: 8/8
  5984 | D:7      | Noticed Pikel
  6006 | D:7      | Killed Pikel
  6007 | D:7      | Reached skill level 10 in Axes
  6147 | D:7      | Noticed Maggie
  6319 | D:7      | Reached * piety under Yredelemnul
  6471 | D:7      | Noticed Dowan
  6472 | D:7      | Noticed Duvessa
  6477 | D:7      | Killed Duvessa
  6480 | D:7      | Killed Dowan
  6730 | D:7      | Killed Maggie
  7122 | D:8      | Noticed Maurice
  7131 | D:8      | Noticed Psyche
  7132 | D:8      | Reached skill level 11 in Axes
  7132 | D:8      | Reached XP level 10. HP: 68/86 MP: 9/9
  7182 | D:8      | Killed Psyche
  7191 | D:8      | Killed Maurice
  7204 | D:8      | Noticed Prince Ribbit
  7341 | D:8      | Killed Prince Ribbit
  7479 | D:8      | Found a staircase to the Lair.
  7824 | D:9      | Reached ** piety under Yredelemnul
  7830 | D:9      | Noticed a manticore
  7842 | D:9      | Killed a manticore
  7843 | D:9      | Reached skill level 10 in Armour
  8141 | D:9      | Found a sacrificial altar of Ru.
  8243 | D:9      | Found an ancient bone altar of Kikubaaqudgha.
  8654 | D:10     | Entered Level 10 of the Dungeon
  8699 | D:10     | Reached skill level 5 in Evocations
  8718 | D:10     | Reached skill level 12 in Axes
  8845 | D:10     | Noticed a smoke demon
  9016 | D:10     | Found a hide-covered altar of Uskayaw.
  9138 | D:10     | Reached XP level 11. HP: 95/95 MP: 10/10
  9228 | D:10     | Noticed Erica
  9253 | D:10     | Killed Erica
  9456 | D:10     | Reached skill level 1 in Stealth
  9761 | D:11     | Noticed a two-headed ogre
  9772 | D:11     | Killed a two-headed ogre
 10050 | D:11     | Reached skill level 13 in Axes
 10164 | D:11     | Noticed a two-headed ogre
 10178 | D:11     | Killed a two-headed ogre
 10178 | D:11     | Reached *** piety under Yredelemnul
 10482 | D:11     | Noticed a four-headed hydra
 10864 | D:11     | Killed a 19-headed hydra
 11087 | D:11     | Found a staircase to the Orcish Mines.
 11179 | D:11     | Reached skill level 10 in Fighting
 11411 | D:12     | Reached skill level 14 in Axes
 11779 | D:12     | Noticed a boulder beetle
 11793 | D:12     | Killed a boulder beetle
 11794 | D:12     | Reached XP level 12. HP: 106/106 MP: 11/11
 11860 | D:12     | Noticed a boulder beetle
 11875 | D:12     | Killed a boulder beetle
 11997 | D:12     | Identified the +1 war axe of Classification {drain, Fragile
                  | Will+ MP+9 Dex+7}
 12062 | D:12     | Identified the +1 leather armour of Foimi {Regen+ Str+4
                  | SInv}
 12226 | D:12     | Noticed Nergalle
 12234 | D:12     | Killed Nergalle
 12491 | D:13     | Noticed a centaur warrior
 12499 | D:13     | Killed a centaur warrior
 12588 | D:13     | Reached **** piety under Yredelemnul
 12588 | D:13     | Received a gift from Yredelemnul (a wight)
 13170 | D:13     | Noticed a two-headed ogre
 13177 | D:13     | Killed a two-headed ogre
 13178 | D:13     | Reached skill level 15 in Axes
 13550 | D:13     | Found a gate to the Vaults.
 13703 | D:14     | Noticed a death knight
 13713 | D:13     | Reached skill level 1 in Dodging
 13891 | D:13     | Killed a death knight
 13895 | D:13     | Received a gift from Yredelemnul (a wight)
 13939 | D:13     | Reached XP level 13. HP: 115/117 MP: 12/12
 14237 | D:14     | Reached skill level 1 in Invocations
 14613 | D:14     | Noticed a fire dragon
 14625 | D:14     | Killed a fire dragon
 16259 | D:15     | Entered Level 15 of the Dungeon
 16293 | D:15     | Reached skill level 16 in Axes
 16544 | D:15     | Received a gift from Yredelemnul (4 flying skulls)
 17673 | D:15     | Found a staircase to the Depths.
 17673 | D:15     | Noticed a fire giant
 17684 | D:15     | Killed a fire giant
 18051 | D:15     | Reached XP level 14. HP: 99/127 MP: 12/14
 18247 | D:15     | Identified the +6 halberd of Untruth {freeze, rC+ Dex+3}
 18542 | Lair:1   | Entered Level 1 of the Lair of Beasts
 18595 | Lair:1   | You fall into a shaft and drop 1 floor!
 18595 | Lair:2   | Noticed Sonja
 19560 | Lair:2   | Mangled by Sonja

Illustrated notes

Levels and vault maps discovered:
D:1:      wander_arrival_fairy_ring, layout_basic, serial_shops,
          nicolae_square_shop
D:2:      minmay_chambers_of_ones, layout_rooms, basic_altar,
          serial_co_window_serial, co_window_corner_a, co_window_cross_1,
          co_window_corner_a, co_window_of_opportunity_a, co_window_paths_a,
          co_window_of_opportunity_a, co_window_corner_a, co_window_cross_1,
          co_window_paths_b, co_window_2corner, co_window_paths_c,
          co_window_broadway_a, glass_columns_b, uniq_terence, uniq_sigmund
D:3:      layout_rooms, chequers_ecumenical_altar_simple_redux, serial_glass,
          glass_columns_b, glass_columns_b, glass_columns_a, glass_columns_b,
          glass_columns_b, glass_columns_a
D:4:      layout_rooms, mainiacjoe_overflow_catwalk,
          mainiacjoe_overflow_small_starburst, gammafunk_ghost_cemetery,
          corexii_item_surrounded_by_moat, kennysheep_generic_room_16,
          uniq_crazy_yiuf_cottage
D:5:      layout_cave_pools, nicolae_shop_overcharged_wands, uniq_grinder,
          uniq_blork_the_orc
D:6:      layout_layer_cave, nicolae_dithmenos_shadow_blocks,
          minmay_temple_entry_proselytizer, gammafunk_ghost_mausoleum,
          minmay_between
D:7:      layout_rooms, grunt_ministairs_6, uniq_duvessa, uniq_pikel,
          uniq_maggie
D:8:      layout_rooms, david_lair_shrubbed, serial_corexii_hall,
          corexii_hall_statues_t, corexii_hall_statues_t, uniq_psyche,
          uniq_prince_ribbit1, uniq_maurice
D:9:      layout_cave_pools, tgw_kikubaaqudgha,
          mainiacjoe_overflow_six_doors_small, minmay_misc_feat_ornament
D:10:     layout_irregular_city, mainiacjoe_overflow_alcove_4, uniq_erica
D:11:     layout_basic, kennysheep_orc_monster_closet_entryway
D:12:     layout_roguey, uniq_nergalle
D:13:     layout_loops_ring, david_vaults_1, hex_medium, nicolae_two_hexagons,
          minmay_microvault
D:14:     layout_roguey, amcnicky_mini_pool_small, drop_trap, minmay_evil_grid
D:15:     grunt_enter_depths_giant_problem, layout_basic
Temple:   eino_temple_rhombus
Lair:1:   layout_cave_pods
Lair:2:   layout_hall_layers, spider_nest_entry_rubble, uniq_sonja

Skill      XL: |  1  2  3  4  5  6  7  8  9 10 11 12 13 |
---------------+----------------------------------------+-----
Armour         | 4 5 6 7 9 10 11 12 13 | 13.7
Axes           | 4 5 6 7 9 11 12 14 15 16 | 16.6
Fighting       | 4 5 6 7 8 10 11 12 | 12.7
Shields        | 4 5 6 7 8 9 |  9.4
Evocations     | 1 2 3 4 5 6 7 |  7.7
Stealth        | 2 3 4 |  4.6
Dodging        | 2 4 |  4.7
Invocations    | 1 |  1.5

Action                   |  1- 3 |  4- 6 |  7- 9 | 10-12 | 13-15 || total
-------------------------+-------+-------+-------+-------+-------++-------
Melee: War axe           |    38 |   193 |   267 |   532 |    68 ||  1098
       Headbutt          |     5 |    24 |    55 |   159 |   109 ||   352
       Broad axe         |       |       |       |       |   313 ||   313
Invok: Animate Dead      |       |       |       |     4 |    19 ||    23
       Drain Life        |       |       |       |     2 |       ||     2
       Recall Undead Sla |       |       |       |       |     2 ||     2
Evoke: Wand              |       |       |       |     3 |     8 ||    11
  Use: Potion            |     1 |     3 |     1 |     2 |     1 ||     8
       Scroll            |       |       |    12 |     5 |     6 ||    23
 Stab: Paralysed         |       |       |       |    15 |       ||    15
       Distracted        |       |       |       |     1 |     1 ||     2
Armor: Scale mail        |    19 |    19 |       |       |       ||    38
       Chain mail        |       |    93 |     6 |       |       ||    99
       Plate armour      |       |       |   136 |   320 |   202 ||   658
Dodge: Dodged            |    10 |    39 |    60 |    86 |    91 ||   286
Block: Kite shield       |    17 |   109 |   161 |   304 |   219 ||   810
